 Dungeon Crawl Stone Soup version 0.18-a0-921-g28655ce (webtiles) character file.

326 rgaf the Bolt Thrower (level 6, -3/53 HPs)
             Began as a Minotaur Hunter on Dec 28, 2015.
             Was an Initiate of Okawaru.
             Slain by an ogre
             ... wielding a +0 giant club
              (15 damage)
             ... on level 5 of the Dungeon.
             The game lasted 00:07:05 (3993 turns).

rgaf the Bolt Thrower (Minotaur Hunter)             Turns: 3993, Time: 00:07:05

Health: -3/53      AC:  9    Str: 17    XL:     6   Next: 24%
Magic:  5/5        EV:  7    Int: 10    God:    Okawaru [......]
Gold:   282        SH:  0    Dex: 10    Spells: 0 memorised, 5 levels left

rFire  . . .     SeeInvis .     a - +1 hand crossbow
rCold  . . .     Gourm    .     j - +0 chain mail
rNeg   . . .     Faith    .     (no shield)
rPois  .         Spirit   .     (helmet restricted)
rElec  .         Dismiss  .     (no cloak)
rCorr  .         Reflect  .     (no gloves)
SustAt .         Harm     .     (no boots)
MR     .....                    (no amulet)
Stlth  ..........               (no ring)
                                l - ring of stealth

@: not resistant to hostile enchantments, extremely unstealthy
A: retaliatory headbutt, horns 2
a: Renounce Religion


You were on level 5 of the Dungeon.
You worshipped Okawaru.
Okawaru was noncommittal.
You were hungry.

You visited 2 branches of the dungeon, and saw 6 of its levels.

You collected 282 gold pieces.

Inventory:

Hand Weapons
 a - a +1 hand crossbow (weapon)
 b - a +0 falchion
 h - a +3 hunting sling
 o - a +0 short sword
Missiles
 d - 9 bolts (quivered)
Armour
 c - a +0 leather armour
 j - a +0 chain mail (worn)
Jewellery
 l - a ring of stealth (left hand)
Wands
 n - a wand of digging (1/24)
Scrolls
 e - 2 scrolls of remove curse
 k - 4 scrolls of identify
 p - a scroll of enchant armour {unknown}
 q - a scroll of torment {unknown}
Comestibles
 f - 2 bread rations
 g - a slice of pizza
 i - 3 meat rations
 m - 2 chunks of flesh


   Skills:
 + Level 4.7 Fighting
 * Level 6.7 Crossbows
 + Level 2.9 Armour
 - Level 2.1 Dodging
 - Level 0.7 Stealth


You had 5 spell levels left.
You didn't know any spells.

Dungeon Overview and Level Annotations

Branches:
Dungeon (5/15)             Temple (1/1) D:4

Altars:
Ashenzari
Cheibriados
Dithmenos
Elyvilon
Fedhas
Gozag
Kikubaaqudgha
Makhleb
Nemelex Xobeh
Okawaru
Pakellas
Qazlal
Ru
Sif Muna
Trog
Vehumet
Xom
Zin
The Shining One

Shops:
D:4 :

Annotations:
D:2 Sigmund


Innate Abilities, Weirdness & Mutations

You reflexively headbutt those who attack you in melee.
You have a pair of horns on your head.


Message History

Press: ? - help, Shift-Dir - straight line, f/p - ogre
Aim: an ogre, wielding a giant club (severely wounded)
You shoot a bolt. The bolt hits the ogre.
The ogre is almost dead.
The ogre hits you with a giant club!
* * * LOW HITPOINT WARNING * * *
You are too injured to fight recklessly!
You are too injured to fight recklessly!
Firing (i - inventory):
d - 11 bolts (quivered)
Press: ? - help, Shift-Dir - straight line, f/p - ogre
Aim: an ogre, wielding a giant club (almost dead)
You shoot a bolt. The bolt hits the ogre.
The ogre is almost dead.
The ogre barely misses you.
Firing (i - inventory):
d - 10 bolts (quivered)
Press: ? - help, Shift-Dir - straight line, f/p - ogre
Aim: an ogre, wielding a giant club (almost dead)
You shoot a bolt. The bolt completely misses the ogre.
The ogre hits you with a giant club!
You die...

#....................#
#....######'#####....#
#....#...#..#...#....#
#....#...'[O#...'....#
#....#'####.##.##..<.# #
..........#'##.#((...#..
..........#....#.....'..#
.........(+....#O....#..#
..........#....#@....#.....
..........####.#.....# ..##
##'#.....## #.###.......#
...#.....# #.. #.......#
...#.....# #...#......
####.....# #### .....
####### ####


You could see an ogre.

Vanquished Creatures
  The ghost of Thraspic the Charlatan, a weakling DDAr (D:3)
  A crimson imp (D:5)
  A giant frog skeleton (D:4)
  A centaur skeleton (D:4)
  An orc wizard (D:5)
  A worker ant (D:4)
  A gnoll (D:4)
  4 adders
  2 oozes
  A worm (D:4)
  7 giant geckos
  16 orcs
  2 ball pythons
  6 bats
  2 giant cockroaches (D:1)
  5 hobgoblins
  3 quokkas
  5 giant newts
  8 goblins
  2 kobolds (D:2)
  11 rats
81 creatures vanquished.

Notes
Turn   | Place    | Note
--------------------------------------------------------------
     0 | D:1      | rgaf the Minotaur Hunter began the quest for the Orb.
     0 | D:1      | Reached XP level 1. HP: 18/18 MP: 0/0
   114 | D:1      | Reached XP level 2. HP: 15/25 MP: 1/1
   795 | D:2      | Reached skill level 5 in Crossbows
   803 | D:2      | Reached skill level 1 in Armour
   986 | D:2      | Reached XP level 3. HP: 29/31 MP: 2/2
  1214 | D:2      | Noticed Sigmund
  1703 | D:3      | Reached XP level 4. HP: 28/38 MP: 3/3
  2229 | D:3      | Found a glowing silver altar of Zin.
  2244 | D:3      | Noticed Thraspic's ghost (weakling DDAr)
  2268 | D:3      | Killed Thraspic's ghost
  2268 | D:3      | Reached XP level 5. HP: 23/46 MP: 4/4
  2310 | D:3      | HP: 2/46 [poisoned by Thraspic's ghost]
  2683 | D:3      | Reached skill level 6 in Crossbows
  3235 | D:4      | Found a staircase to the Ecumenical Temple.
  3244 | Temple   | Entered the Ecumenical Temple
  3345 | Temple   | Became a worshipper of Warmaster Okawaru
  3745 | D:4      | Found Ogipniga's Book Emporium.
  3778 | D:5      | Entered Level 5 of the Dungeon
  3833 | D:5      | Reached XP level 6. HP: 50/53 MP: 5/5
  3993 | D:5      | Slain by an ogre

Vault maps used:
D:1:      dpeg_chamrin_arrival_tetris
D:2:      wad_crossroads, serial_forest, infiniplex_forest_clump_tiny,
          infiniplex_forest_corner_2, infiniplex_forest_end_1,
          infiniplex_forest_end_2, uniq_sigmund
D:3:      lemuel_doored_altar, first_bread
D:4:      minmay_temple_entry_mist, serial_shops, kennysheep_little_box
Temple:   kilobyte_greek_temple_18

Action                   |  1- 3 |  4- 6 || total
-------------------------+-------+-------++-------
Melee: Short sword       |   116 |    54 ||   170
       Falchion          |       |   116 ||   116
 Fire: Hand crossbow     |    12 |    11 ||    23
Evoke: Wand              |     2 |       ||     2
  Use: Scroll            |     2 |     1 ||     3
       Potion            |     1 |     1 ||     2
  Eat: Chunk             |     2 |     6 ||     8
       Beef jerky        |       |     1 ||     1
